 Dungeon Crawl Stone Soup version 0.30.0-10-gfe55d96785 (webtiles) character file.

Game seed: 1721283631459054067

84 Persephone the Ducker (level 4, -5/43 HPs)
             Began as a Gnoll Monk on May 15, 2023.
             Was a Follower of Ashenzari.
             Slain by an orc
             ... wielding a +0 war axe
              (6 damage)
             ... on level 3 of the Dungeon.
             The game lasted 00:04:39 (1660 turns).

Persephone the Ducker (Gnoll Monk)                  Turns: 1660, Time: 00:04:39

Health: -5/43      AC: 12    Str: 14    XL:     4   Next: 46%
Magic:  6/6        EV:  3    Int: 10    God:    Ashenzari [*.....]
Gold:   56         SH:  0    Dex: 17    Spells: 6/6 levels left

rFire   + . .        a - +0 hand axe
rCold   . . .        g - +2 kite shield of Toth-Mos's Legacy {Fort, Elem} (curse)
rNeg    . . .        n - +0 plate armour
rPois   .            (no helmet)
rElec   .            e - +0 cloak of the Invisible Hand {rF+ rCorr Str+2 Dex+3}
rCorr   +            (no gloves)
SInv    .            i - +0 pair of boots "Share My Anxiety" {Self, Range} (curse)
Will    .....        (no amulet) Stlth
                     (no ring)
HPRegen 0.27/turn    (no ring)
MPRegen 0.10/turn

%: no passive effects
@: confused
A: fangs 1, strong nose, distributed training
a: Renounce Religion, Shatter the Chains


You were on level 3 of the Dungeon.
You worshipped Ashenzari.
Ashenzari was aware of your devotion.
You visited 1 branch of the dungeon, and saw 3 of its levels.

You collected 56 gold pieces.

Inventory:

Hand Weapons
 a - a +0 hand axe (weapon)
Armour
 b - a +0 robe
 d - an orb of light
 e - the +0 cloak of the Invisible Hand (worn) {rF+ rCorr Str+2 Dex+3}
   (You acquired it on level 2 of the Dungeon)

   Str:       It affects your strength (+2).
   Dex:       It affects your dexterity (+3).
   rF:        It protects you from fire.
   rCorr:     It protects you from acid and corrosion.
 g - the cursed +2 kite shield of Toth-Mos's Legacy (worn) {Fort, Elem}
   (You found it on level 1 of the Dungeon)

   It has a curse which improves the following skills: Fortitude: Armour and
   Shields.
   Elements:  Fire Magic, Ice Magic, Air Magic and Earth Magic.
 i - the cursed +0 pair of boots "Share My Anxiety" (worn) {Self, Range}
   (You found it on level 1 of the Dungeon)

   It has a curse which improves the following skills: Introspection: Fighting
   and Spellcasting.
   Ranged Combat: Ranged Weapons and Throwing.
 n - a +0 plate armour (worn)
Scrolls
 f - 2 scrolls of identify
 p - a scroll of amnesia
 q - a scroll of butterflies
Potions
 c - a potion of ambrosia
 h - a potion of haste
 j - a potion of magic
 k - a potion of brilliance
 l - a potion of might
 m - a potion of curing


   Skills:
 + Level 6.6(7.4) Fighting
 + Level 1.2 Short Blades
 + Level 1.2 Long Blades
 + Level 6.6 Axes
 + Level 1.2 Maces & Flails
 + Level 1.2 Polearms
 + Level 1.2 Staves
 + Level 1.2(1.7) Ranged Weapons
 + Level 1.2(1.7) Throwing
 + Level 1.2(1.7) Armour
 + Level 6.6 Dodging
 + Level 1.2 Stealth
 + Level 1.2(1.7) Shields
 + Level 1.2 Unarmed Combat
 + Level 1.2(1.7) Spellcasting
 + Level 1.0 Conjurations
 + Level 1.0 Hexes
 + Level 1.0 Summonings
 + Level 1.0 Necromancy
 + Level 1.0 Translocations
 + Level 1.0 Transmutations
 + Level 1.0(1.4) Fire Magic
 + Level 1.0(1.4) Ice Magic
 + Level 1.0(1.4) Air Magic
 + Level 1.0(1.4) Earth Magic
 + Level 1.0 Poison Magic
 + Level 1.3 Invocations
 + Level 1.2 Evocations


You had 6 spell levels left.
You didn't know any spells.
Your spell library was empty.

Dungeon Overview and Level Annotations

Branches:
Dungeon (3/15)

Altars:
Ashenzari


Innate Abilities, Weirdness & Mutations

You have very sharp teeth.
Your uncanny sense of smell can sniff out nearby items.
Your experience applies equally to all skills.


Message History

You're too confused to attack without stumbling around!
You hit something but do no damage. You hit the orc. x2
You barely miss something. Something hits you but does no damage.
Something hits you. Something hits you but does no damage. Something hits you.
You completely miss something. You closely miss something.
You closely miss the orc. The orc barely misses you.
Something hits you but does no damage. Something hits you.
Something hits you but does no damage. The orc attacks as you move away!
The orc hits you with a +1 heavy hand axe!
Something hits you but does no damage.
You hit the orc. Your bite misses the orc.
The orc is almost dead.
You hit something. You completely miss something.
You hear some strange, mumbled words.
Something hits you but does no damage. The orc hits you but does no damage.
Something hits you but does no damage. x2; Something hits you.
The orc hits you with a +0 war axe.
You hit something but do no damage. You miss something.
You hit the orc but do no damage. You closely miss something.
You closely miss the orc.
The orc hits you with a +1 heavy hand axe.
Something hits you but does no damage. Something hits you.
The orc hits you but does no damage. Something hits you but does no damage.
You're too confused to move!
Something completely misses you. Something hits you.
* * * LOW HITPOINT WARNING * * *
You hear some strange, mumbled words.
A magic dart appears from out of thin air!
The magic dart hits you.
* * * LOW HITPOINT WARNING * * *
The orc hits you but does no damage.
The orc hits you with a +1 heavy hand axe.
* * * LOW HITPOINT WARNING * * *
You barely miss something. You completely miss something. You hit the orc.
You kill the orc!
You completely miss something. You hit the orc. Something hits you.
* * * LOW HITPOINT WARNING * * *
Something hits you but does no damage. The orc hits you with a +0 war axe.
You die...

.....................
..........##...#.....
.........o##...#.....
....###...##.........
.... #...##.........
... #.#............ .
#.#............
..#....{.......
.###...{@).###.. #.
#...o.{.# . #.......#
.# #.......#
#########


You could see an orc.

Vanquished Creatures
  Jessica (D:2)
  A gnoll (D:1)
  2 worms (D:2)
  2 dart slugs
  An orc (D:3)
  A ball python (D:1)
  4 bats
  4 endoplasms
  2 giant cockroaches
  2 goblins (D:1)
  6 hobgoblins
  3 quokkas
  A frilled lizard (D:1)
  4 kobolds
  2 rats (D:2)
36 creatures vanquished.

Notes
Turn   | Place    | Note
-------+----------+-------------------------------------------
     0 | D:1      | Persephone the Gnoll Monk began the quest for the Orb.
     0 | D:1      | Reached XP level 1. HP: 23/23 MP: 1/1
   129 | D:1      | Found a faded altar of an unknown god.
   159 | D:1      | Reached XP level 2. HP: 25/29 MP: 2/2
   312 | D:1      | Reached XP level 3. HP: 35/35 MP: 3/3
   579 | D:1      | Reached skill level 1 in Invocations
   851 | D:1      | Prayed at the altar of an unknown god.
   851 | D:1      | Became a worshipper of Ashenzari the Shackled
   902 | D:2      | Noticed Jessica
   908 | D:2      | Killed Jessica
   909 | D:2      | Reached skill level 1 in Short Blades
   909 | D:2      | Reached skill level 1 in Long Blades
   909 | D:2      | Reached skill level 1 in Maces & Flails
   909 | D:2      | Reached skill level 1 in Polearms
   909 | D:2      | Reached skill level 1 in Staves
   909 | D:2      | Reached skill level 1 in Ranged Weapons
   909 | D:2      | Reached skill level 1 in Throwing
   909 | D:2      | Reached skill level 1 in Armour
   909 | D:2      | Reached skill level 1 in Stealth
   909 | D:2      | Reached skill level 1 in Shields
   909 | D:2      | Reached skill level 1 in Unarmed Combat
   909 | D:2      | Reached skill level 1 in Spellcasting
   909 | D:2      | Reached skill level 1 in Evocations
   909 | D:2      | Reached XP level 4. HP: 41/41 MP: 5/5
  1266 | D:2      | Reached * piety under Ashenzari
  1266 | D:2      | Identified a scroll of acquirement
  1267 | D:2      | Acquired the +0 cloak of the Invisible Hand {rF+ rCorr
                  | Str+2 Dex+3}
  1289 | D:2      | Reached skill level 1 in Conjurations
  1289 | D:2      | Reached skill level 1 in Hexes
  1289 | D:2      | Reached skill level 1 in Summonings
  1289 | D:2      | Reached skill level 1 in Necromancy
  1289 | D:2      | Reached skill level 1 in Translocations
  1289 | D:2      | Reached skill level 1 in Transmutations
  1289 | D:2      | Reached skill level 1 in Fire Magic
  1289 | D:2      | Reached skill level 1 in Ice Magic
  1289 | D:2      | Reached skill level 1 in Air Magic
  1289 | D:2      | Reached skill level 1 in Earth Magic
  1289 | D:2      | Reached skill level 1 in Poison Magic
  1660 | D:3      | HP: 1/43 [something (4)]
  1660 | D:3      | Slain by an orc

Illustrated notes

Levels and vault maps discovered:
D:1:      heliophobic_arrival_ceremonial_halls, layout_basic,
          dreamdust_ecumenical_altar_hidden_monk_grotto, grunt_decor_junction,
          st_stairs_13
D:2:      layout_rooms, serial_aquarium, aquarium_bridge_straight
          [aquarium_subvault_bridge, aquarium_subvault_window,
          aquarium_subvault_bridge, aquarium_subvault_wall],
          aquarium_window_corner, aquarium_window_2, aquarium_window_corridor_3,
          aquarium_view_2a, aquarium_view_2d, chequers_serial_rivers_small_b,
          minmay_misc_feat_pillars, uniq_jessica
D:3:      layout_basic, uniq_grinder

Skill      XL: |  1  2  3  4 |
---------------+-------------+-----
Invocations    | 1 |  1.3
Short Blades   | 1 |  1.2
Long Blades    | 1 |  1.2
Maces & Flails | 1 |  1.2
Polearms       | 1 |  1.2
Staves         | 1 |  1.2
Ranged Weapons | 1 |  1.2
Throwing       | 1 |  1.2
Armour         | 1 |  1.2
Stealth        | 1 |  1.2
Shields        | 1 |  1.2
Unarmed Combat | 1 |  1.2
Spellcasting   | 1 |  1.2
Evocations     | 1 |  1.2
Conjurations   | 1 |  1.0
Hexes          | 1 |  1.0
Summonings     | 1 |  1.0
Necromancy     | 1 |  1.0
Translocations | 1 |  1.0
Transmutations | 1 |  1.0
Fire Magic     | 1 |  1.0
Ice Magic      | 1 |  1.0
Air Magic      | 1 |  1.0
Earth Magic    | 1 |  1.0
Poison Magic   | 1 |  1.0
Fighting       | |  6.6
Axes           | |  6.6
Dodging        | |  6.6

Action                     |  1- 3 |  4- 6 || total
---------------------------+-------+-------++-------
  Melee: Hand axe          |    53 |    64 ||   117
         Bite              |     8 |     8 ||    16
 Invoke: Curse Item        |     1 |     1 ||     2
    Use: Scroll            |       |     1 ||     1
         Potion            |       |     1 ||     1
 Armour: Robe              |     7 |     3 ||    10
         Plate armour      |       |    45 ||    45
  Dodge: Dodged            |    50 |    17 ||    67
  Block: Kite shield       |     7 |    25 ||    32
